 Dungeon Crawl Stone Soup version 0.25-a0-310-g60f0ac2d9a (webtiles) character file.

Game seed: 2691937611008391044, levelgen mode: deterministic

121 Lanoc the Skirmisher (level 4, -2/35 HPs)
             Began as a Demonspawn Warper on Dec 23, 2019.
             Was an Initiate of Qazlal.
             Slain by Grinder (8 damage)
             ... while paralysed by Grinder
             ... on level 3 of the Dungeon.
             The game lasted 00:03:32 (2047 turns).

Lanoc the Skirmisher (Demonspawn Warper)            Turns: 2047, Time: 00:03:32

Health: -2/35      AC:  3    Str: 11    XL:     4   Next: 77%
Magic:  7/7        EV:  2    Int: 19    God:    Qazlal [......]
Gold:   146        SH:  0    Dex: 14    Spells: 7/7 levels left

rFire    + . .     SeeInvis .   a - +0 spear
rCold    + . .     Gourm    .   (no shield)
rNeg     + . .     Faith    .   b - +0 leather armour
rPois    +         Spirit   .   (no helmet)
rElec    +         Reflect  .   (no cloak)
rCorr    +         Harm     .   (no gloves)
MR       .....                  (no boots)
Stlth    +.........             (no amulet)
HPRegen  0.11/turn              i - ring of positive energy
MPRegen  0.10/turn              (no ring)

@: paralysed, brilliant, resistant, berserk cooldown, slowed
A: spiny 1
a: Renounce Religion


You were on level 3 of the Dungeon.
You worshipped Qazlal.
Qazlal was noncommittal.
You were not hungry.

You visited 1 branch of the dungeon, and saw 3 of its levels.

You collected 146 gold pieces.

Inventory:

Hand Weapons
 a - a +0 spear (weapon)
Missiles
 e - 4 boomerangs of dispersal (quivered)
 v - 14 bolts
 w - 60 arrows
Armour
 b - a +0 leather armour (worn)
Jewellery
 i - a ring of positive energy (left hand)
 l - a +3 amulet of reflection {unknown}
Wands
 t - a wand of clouds (3)
Scrolls
 c - 2 scrolls of fog {unknown}
 d - a scroll of blinking
 g - a scroll of remove curse {unknown}
 k - a scroll of fear {unknown}
 o - a scroll of amnesia {unknown}
 r - a scroll of noise {unknown}
Potions
 h - a potion of curing
 m - a potion of degeneration {unknown}
 n - a potion of cancellation
 s - a potion of heal wounds {unknown}
Comestibles
 f - 5 rations


   Skills:
 + Level 3.2 Fighting
 - Level 1.7 Polearms
 - Level 0.8 Throwing
 + Level 2.4 Armour
 + Level 3.0 Dodging
 - Level 2.0 Spellcasting
   Level 2.6 Translocations


You had 7 spell levels left.
You didn't know any spells.
Your spell library contained the following spells:

 Spells                   Type           Power        Failure   Level  Hunger
 Blink                    Tloc           N/A          1%          2    ###....
 Shroud of Golubria       Chrm/Tloc      ###...       2%          2    ###....
 Gell's Gravitas          Tloc           ###.......   2%          3    ###....
 Lesser Beckoning         Tloc           ###.......   2%          3    ###....
 Teleport Other           Tloc           ###.....     2%          3    ###....
 Passage of Golubria      Tloc           N/A          9%          4    #####..


Dungeon Overview and Level Annotations

Branches:
Dungeon (3/15)

Altars:
Qazlal
Wu Jian
Yredelemnul

Annotations:
D:3 Grinder


Innate Abilities, Weirdness & Mutations

You are partially covered in sharp spines.


Message History

Grinder blinks!
You barely miss the hobgoblin.
The hobgoblin is heavily wounded.
The hobgoblin hits you but does no damage.
You barely miss the hobgoblin.
The hobgoblin is heavily wounded.
Grinder blinks!
You barely miss the hobgoblin.
The hobgoblin is heavily wounded.
The hobgoblin is struck by your spines.
You kill the hobgoblin!
Qazlal accepts your kill.
You feel a strong urge to attack something.
You are no longer berserk.
You are exhausted.
You feel yourself slow down. Grinder gestures at you.
You suddenly lose the ability to move!
Grinder hits you!
You die...

...####.####..#
...##.....##..#
...#.......#..#
...#.......#..#
......._......##
...#.......#...#
...#.......#.#.##
.#.##.....##.#..##
...####.####....@#
..)............5.#
###..######......#
.##.#######......#
...<#
#......###.##
##### #......#
#..# #..^...# ##†#
#......# #..
#......# ##.#


You could see Grinder.

Vanquished Creatures
  Jessica (D:2)
  An adder (D:2)
  A shadow imp (D:3)
  2 worms
  3 dart slugs
  2 leopard geckos
  4 giant cockroaches
  12 goblins
  8 hobgoblins
  13 kobolds
  A quokka (D:2)
  5 bats
  3 frilled lizards
  9 rats
  A bush (D:2)
66 creatures vanquished.

Vanquished Creatures (others)
  A plant (D:2)
1 creature vanquished.

Grand Total: 67 creatures vanquished

Notes
Turn   | Place    | Note
-------+----------+-------------------------------------------
     0 | D:1      | Lanoc the Demonspawn Warper began the quest for the Orb.
     0 | D:1      | Reached XP level 1. HP: 16/16 MP: 3/3
    10 | D:1      | Reached skill level 1 in Armour
   173 | D:1      | Gained mutation: You are partially covered in sharp spines.
                  | [demonic ancestry]
   173 | D:1      | Reached XP level 2. HP: 11/22 MP: 5/5
   711 | D:1      | Reached XP level 3. HP: 28/28 MP: 6/6
   964 | D:2      | Noticed Jessica
   974 | D:2      | Killed Jessica
   988 | D:2      | You fall into a shaft and drop 1 floor!
   993 | D:3      | Reached XP level 4. HP: 22/34 MP: 7/7
  1004 | D:3      | Found an ornate altar of the Wu Jian Council.
  1979 | D:3      | Found a stormy altar of Qazlal.
  1979 | D:3      | Found a basalt altar of Yredelemnul.
  1982 | D:3      | Became a worshipper of Qazlal Stormbringer
  2019 | D:3      | Noticed Grinder
  2029 | D:3      | Paralysed by Grinder for 7 turns
  2046 | D:3      | Paralysed by Grinder for 4 turns
  2047 | D:3      | Slain by Grinder

Levels and vault maps discovered:
D:1:      wander_arrival_lonely_grave, layout_rooms,
          ebering_dispersal_statue_hall, minmay_strange_pillars, minivault_27,
          minmay_pentomino_w4
D:2:      layout_loops_ring, fountainhead, lexackson_kobold_supper, uniq_jessica
D:3:      layout_basic, old_standard_altar, gammafunk_temple_overflow_elements,
          amethyst_overflow_temple_binary, uniq_grinder

Skill      XL: |  1  2  3  4 |
---------------+-------------+-----
Armour         | 1 2 |  2.4
Dodging        | 2 3 |  3.0
Fighting       | 3 |  3.2
Polearms       | |  1.7
Throwing       | |  0.8
Spellcasting   | |  2.0
Translocations | |  2.6

Action                   |  1- 3 |  4- 6 || total
-------------------------+-------+-------++-------
Melee: Spear             |   106 |   243 ||   349
Throw: Boomerang         |       |     1 ||     1
  Use: Potion            |     1 |     4 ||     5
 Stab: Sleeping          |       |     2 ||     2
  Eat: Chunk             |       |     4 ||     4
Armor: Leather armour    |    20 |     9 ||    29
Dodge: Dodged            |    54 |    35 ||    89

Table legend:
 A = Non-vault XP
 B = Vault XP
 C = Vault XP percentage of total XP
 D = Non-vault monster count
 E = Vault monster count
 F = Vault count percentage of total count
                 A         B        C        D         E       F
            +---------+---------+-------+---------+---------+-------
      Total |     114 |      60 |  34.5 |      50 |      15 |  23.1
            +---------+---------+-------+---------+---------+-------
        D:1 |      34 |      12 |  26.1 |      21 |       6 |  22.2
        D:2 |      53 |      48 |  47.5 |      21 |       9 |  30.0
        D:3 |      27 |       0 |   0.0 |       8 |       0 |   0.0
            +---------+---------+-------+---------+---------+-------
